Map: Orbital Shipyard

Players

WildCatBrown - Winner!

  • Race: Protoss Protoss

Brian

  • Race: Protoss Protoss
  • League: Bronze

VOD

Have the link to the VOD?

Description

Defended against cannon rush.

Time

  • Played on: Dec. 14, 2015, 11:44 a.m.
  • Length: 8:34
Show
View Real Time Build Order
Export as new Build Order

WildCatBrown Protoss - Winner!

Build Orders: 1 Gate Expand 

Get SALT Encoding   

  12  0:01  Probe (Chrono Boost)  
  13  0:12  Probe (Chrono Boost)  
  14  0:22  Probe (Chrono Boost)  
  14  0:23  Pylon  
  15  0:41  Probe (Chrono Boost)  
  16  0:48  Gateway  
  16  0:52  Probe (Chrono Boost)  
  17  1:02  Probe (Chrono Boost)  
  18  1:13  Probe (Chrono Boost)  
  19  1:36  Nexus  
  19  1:41  Probe (Chrono Boost)  
  19  1:42  Zealot  
  22  1:47  Pylon  
  22  1:52  Probe (Chrono Boost)  
  23  1:55  Assimilator  
  23  2:09  Probe (Chrono Boost)  
  24  2:18  Cybernetics Core  
  24  2:26  Zealot  
  24  2:48  Gateway  
  24  2:53  Zealot (Chrono Boost)  
  24  2:56  Pylon  
  26  3:05  Gateway  
  26  3:09  Gateway  
  26  3:11  Pylon  
  26  3:32  Probe  
  27  3:37  Assimilator  
  27  3:41  Warp Gate  
  27  3:43  Pylon  
  27  3:57  Probe  
  28  4:08  Stalker (Chrono Boost)  
  30  4:17  Mothership Core  
  32  4:28  Zealot (Chrono Boost)  
  38  4:32  Zealot x2 (Chrono Boost)  
  38  4:37  Zealot (Chrono Boost)  
  39  5:06  Forge  
  35  5:17  Robotics Facility  
  41  5:23  Stalker (Chrono Boost)  
  41  5:24  Stalker x3 (Chrono Boost)  
  39  5:45  Protoss Ground Weapons Level 1 (Chrono Boost)  
  39  6:04  Warp Prism  
  41  6:12  Gateway  
  41  6:13  Gateway  
  41  6:17  Stalker x3  
  47  6:27  Pylon  
  47  6:31  Pylon  
  47  7:24  Pylon  
  47  7:28  Pylon  
  47  7:37  Stalker x4  
  47  7:40  Zealot x2  
  53  8:08  Zealot x3  
  53  8:09  Zealot x3  
Show
View Real Time Build Order
Export as new Build Order

Brian Protoss 

Build Orders:  

Get SALT Encoding   

  12  0:01  Probe (Chrono Boost)  
  13  0:26  Pylon  
  13  0:51  Pylon  
  13  0:58  Forge  
  12  1:20  Probe (Chrono Boost)  
  13  1:27  Gateway  
  13  1:41  Gateway, Pylon  
  13  1:44  Probe (Chrono Boost)  
  14  1:55  Probe (Chrono Boost)  
  15  2:02  Photon Cannon  
  15  2:07  Photon Cannon  
  15  2:12  Photon Cannon  
  15  2:50  Photon Cannon  
  15  2:52  Photon Cannon  
  15  2:56  Photon Cannon  
  15  2:58  Photon Cannon  
  15  3:07  Zealot  
  15  3:10  Zealot  
  19  3:26  Pylon  
  19  3:38  Zealot  
  21  3:57  Zealot  
  23  4:04  Photon Cannon  
  23  4:05  Zealot  
  25  4:12  Photon Cannon  
  25  4:32  Zealot x2  
  25  4:34  Probe (Chrono Boost)  
  30  4:45  Probe (Chrono Boost)  
  31  4:53  Gateway  
  29  5:37  Photon Cannon  
  29  5:41  Zealot  
  29  5:42  Photon Cannon  
  31  5:50  Cybernetics Core  
  31  6:00  Assimilator  
  31  6:05  Assimilator  
  31  6:08  Zealot  
  33  6:18  Pylon  
  33  6:35  Zealot  
  33  6:38  Nexus  
  35  7:02  Probe (Chrono Boost), Zealot  
  38  7:12  Probe (Chrono Boost)  
  39  7:17  Gateway  
  39  7:23  Probe (Chrono Boost)  
  39  7:29  Stalker  
  42  7:34  Probe (Chrono Boost)  
  40  7:44  Probe (Chrono Boost)  
Tags
 
Add a new tag
Caveats
  • Supply blocks, unpowered buildings, or Contaminate may cause inaccurate times.
  • Supply counts are checked every 10 seconds.